 Dungeon Crawl Stone Soup version 0.22.0-27-ga576289 (webtiles) character file.

7 Folque the Magician (level 2, 0/18 HPs)
             Began as an Octopode Wizard on Aug 21, 2018.
             Slain by a kobold
             ... wielding a +0 short sword
              (6 damage)
             ... on level 1 of the Dungeon.
             The game lasted 00:01:29 (167 turns).

Folque the Magician (Octopode Wizard)                Turns: 167, Time: 00:01:30

Health: 0/18       AC:  1    Str:  6    XL:     2   Next: 0%
Magic:  3/6        EV: 13    Int: 20    God:
Gold:   36         SH:  0    Dex: 10    Spells: 2/7 levels left

rFire    . . .     SeeInvis .   g - +0 spear
rCold    . . .     Gourm    .   (no shield)
rNeg     . . .     Faith    .   a - +0 hat
rPois    .         Spirit   .   (no amulet)
rElec    .         Reflect  .   (no ring)
rCorr    .         Harm     .   (no ring)
MR       .....                  (no ring)
Stlth    +++.......             (no ring)
HPRegen  0.06/turn              (no ring)
MPRegen  0.10/turn              (no ring)
                                (no ring)
                                (no ring)

@: very slightly contaminated
A: almost no armour, stealthy swim, amphibious, 8 rings, constrict 8, camouflage
1, gelatinous body 1
a: no special abilities


You were on level 1 of the Dungeon.
You were not hungry.

You visited 1 branch of the dungeon, and saw 1 of its levels.

You collected 36 gold pieces.

Inventory:

Hand Weapons
 g - a +0 spear (weapon)
Armour
 a - a +0 hat (worn)
 d - a +0 buckler
Scrolls
 e - a scroll of fog {unknown}
 h - a scroll of identify {unknown}
Potions
 b - a potion of degeneration {unknown}
Comestibles
 c - a ration
 f - a chunk of flesh


   Skills:
 - Level 1.1 Fighting
 - Level 2.0 Dodging
 - Level 2.6 Stealth
 + Level 3.1 Spellcasting
 * Level 1.0 Conjurations
 - Level 1.0 Summonings
 - Level 1.0 Translocations


You had 2 spell levels left.
You knew the following spells:

 Your Spells              Type           Power        Failure   Level  Hunger
a - Magic Dart            Conj           #...         10%         1    None
b - Call Imp              Summ           #.......     14%         2    ##.....
c - Blink                 Tloc           N/A          14%         2    ##.....

Your spell library contained the following spells:

 Spells                   Type           Power        Failure   Level  Hunger
 Slow                     Hex            #.......     22%         2    ##.....
 Conjure Flame            Conj/Fire      #.......     34%         3    ###....
 Mephitic Cloud           Conj/Pois/Air  #.......     36%         3    ###....


Dungeon Overview and Level Annotations

Branches:
Dungeon (1/15)

Altars:


Innate Abilities, Weirdness & Mutations

You cannot wear most types of armour.
You are very stealthy in the water. (Stealth+)
You are amphibious.
You can wear up to eight rings at the same time.
You can use your tentacles to constrict eight enemies at once.
Your skin changes colour to match your surroundings (Stealth+).
Your rubbery body absorbs attacks. (AC +1, EV +1)


Message History

You see here a stone.
Casting: Magic Dart (safe; 10% risk of failure)
Confirm with . or Enter, or press ? or * to list all spells.
Aiming: Magic Dart (safe; 10% risk of failure)
Press: ? - help, Shift-Dir - straight line, f - kobold
Aim: a kobold, wielding a short sword You miscast Magic Dart.
You are very lightly contaminated with residual magic.
Nothing appears to happen.
The kobold throws a stone.
The stone misses you.
Attack whom?
Press: ? - help, Dir - move target cursor, f/p - kobold
Aim: a kobold, wielding a short sword You reach to attack!
You hit the kobold.
The kobold is moderately wounded.
The kobold hits you with a short sword.
Casting: Magic Dart (safe; 10% risk of failure)
Confirm with . or Enter, or press ? or * to list all spells.
A beastly little devil appears in a puff of flame.
The kobold hits you with a short sword.
You die...

# (#
#.#######.. #
## #.#....>..#
#....#..# #..#
###.###.##...#
##.#.##.....
#..%.(.#
#.##..## #.
#.5# # ##@#
#K.......
....#####
#.#.## .. .#
### .# .# .#


You could see a kobold and a friendly crimson imp.

Vanquished Creatures
  2 giant cockroaches (D:1)
  A goblin (D:1)
  A hobgoblin (D:1)
  A ball python (D:1)
  A frilled lizard (D:1)
6 creatures vanquished.

Notes
Turn   | Place    | Note
-------+----------+-------------------------------------------
     0 | D:1      | Folque the Octopode Wizard began the quest for the Orb.
     0 | D:1      | Reached XP level 1. HP: 11/11 MP: 4/4
    96 | D:1      | Reached skill level 1 in Fighting
   115 | D:1      | Reached XP level 2. HP: 7/18 MP: 4/6
   119 | D:1      | Learned a level 2 spell: Call Imp
   122 | D:1      | Learned a level 2 spell: Blink
   167 | D:1      | Slain by a kobold

Skill      XL: |  1 |
---------------+----+-----
Fighting       | 1 |  1.1
Dodging        | |  2.0
Stealth        | |  2.6
Spellcasting   | |  3.1
Conjurations   | |  1.0
Summonings     | |  1.0
Translocations | |  1.0

Action                   || total
-------------------------++-------
Melee: Unarmed           ||    13
       Spear             ||     4
       Constrict         ||     3
       Tentacles         ||     2
 Cast: Magic Dart        ||     3
       Call Imp          ||     1
 Stab: Sleeping          ||     1
Dodge: Dodged            ||     9
